 Dungeon Crawl Stone Soup version 0.29-a0-997-gf6f7e2dfe7 (webtiles) character file.

Game seed: 2818587895497443332

181 123456 the Digger (level 5, -3/28 HPs)
             Began as a Gargoyle Earth Elementalist on Aug 4, 2022.
             Was an Initiate of Vehumet.
             Slain by a mummy (10 damage)
             ... in an ossuary.
             The game lasted 00:03:22 (2441 turns).

123456 the Digger (Gargoyle Earth Elementalist)     Turns: 2441, Time: 00:03:23

Health: -3/28      AC: 10    Str: 14    XL:     5   Next: 61%
Magic:  8/18       EV: 10    Int: 20    God:    Vehumet [......]
Gold:   128        SH:  0    Dex: 10    Spells: 6/10 levels left

rFire   x . .      SeeInvis .   l - +0 mace
rCold   . . .      Faith    .   (no shield)
rNeg    + . .      Spirit   .   o - +1 ring mail of Happiness {rF- Str+2 Int+3}
rPois   ∞          Reflect  .   (no helmet)
rElec   +          Harm     .   (no cloak)
rCorr   .          Rampage  .   (no gloves)
Will    .....                   (no boots)
Stlth   +.........              u - amulet of regeneration
HPRegen 0.89/turn               p - ring of magical power
MPRegen 0.16/turn               (no ring)

@: no status effects
A: sickness immunity, AC +4, negative energy resistance 1, electricity
resistance, torment resistance 1, petrification resistance
a: Renounce Religion


You were in an ossuary.
You worshipped Vehumet.
Vehumet was noncommittal.
You visited 2 branches of the dungeon, and saw 5 of its levels.
You also visited: Ossuary.

You collected 128 gold pieces.

Inventory:

Hand Weapons
 l - a +0 mace (weapon)
Missiles
 g - a throwing net
Armour
 a - a +0 robe
 o - the +1 ring mail of Happiness (worn) {rF- Str+2 Int+3}
   (You found it on level 2 of the Dungeon)

   Str:       It affects your strength (+2).
   Int:       It affects your intelligence (+3).
   rF:        It makes you vulnerable to fire.
Jewellery
 p - a ring of magical power (left hand)
 u - an amulet of regeneration (around neck)
Scrolls
 c - a scroll of poison {unknown}
 e - a scroll of enchant armour {unknown}
 j - 2 scrolls of silence
 k - a scroll of identify
 r - 2 scrolls of fear
 s - a scroll of fog {unknown}
 v - a scroll of immolation {unknown}
Potions
 b - a potion of magic
 f - 2 potions of heal wounds
 h - 3 potions of curing {unknown}
 i - a potion of cancellation {unknown}
 n - a potion of resistance {unknown}
 q - a potion of flight {unknown}
 t - a potion of mutation {unknown}
 w - a potion of haste {unknown}
 x - a potion of attraction {unknown}


   Skills:
 + Level 2.2 Dodging
 + Level 3.1 Stealth
 * Level 3.3 Spellcasting
 + Level 1.4 Conjurations
 - Level 0.7 Transmutations
 * Level 5.0 Earth Magic


You had 6 spell levels left.
You knew the following spells:

 Your Spells              Type           Power      Damage    Failure   Level
a - Sandblast             Erth           46%        2d11      3%          1
b - Stone Arrow           Conj/Erth      32%        3d9       22%         3

Your spell library contained the following spells:

 Spells                   Type           Power      Damage    Failure   Level
 Passwall                 Tmut/Erth      11%        N/A       13%         2
 Dazzling Flash           Conj/Hex       12%        N/A       54%         3
 Petrify                  Tmut/Erth      14%        N/A       65%         4
 Agony                    Necr           3%         N/A       100%        5
 Silence                  Hex/Air        1%         N/A       100%        5


Dungeon Overview and Level Annotations

Branches:
Dungeon (4/15)             Temple (1/1) D:4         Ossuary (1/1)

Altars:
Kikubaaqudgha
Makhleb
Vehumet
Xom


Innate Abilities, Weirdness & Mutations

You are immune to sickness and miasma.
Your stone body is resilient. (AC +4)
You are immune to poison.
You resist negative energy. (rN+)
You are resistant to electric shocks. (rElec)
You are resistant to unholy torment.
You are immune to petrification.


Message History

You destroy the mummy!
Vehumet accepts your kill.
The orc zombie hits you but does no damage.
The mummy hits you!
You are too injured to fight recklessly!
You are too injured to fight recklessly!
You are too injured to fight recklessly!
You are too injured to fight recklessly!
Unknown command.
You drop a scroll labelled CUTOMN MEEBBOR.
The mummy hits you!
* * * LOW HITPOINT WARNING * * *
The mummy misses you.
Unknown command.
It was a potion of heal wounds.
You feel much better. The mummy hits you! The mummy hits you.
* * * LOW HITPOINT WARNING * * *
The mummy hits you but does no damage.
Aiming: Sandblast (safe; 3% risk of failure)
Press: ? - help, Q - select action, (/) - cycle Shift-Dir - straight line, f - mummy
Aim: a mummy (92% to hit)
The blast of sand hits the mummy.
The mummy is moderately damaged.
The mummy barely misses you. The mummy hits you but does no damage.
The mummy hits you.
* * * LOW HITPOINT WARNING * * *
Aiming: Sandblast (safe; 3% risk of failure)
Press: ? - help, Q - select action, (/) - cycle Shift-Dir - straight line, f/p - mummy
Aim: a mummy (moderately damaged, 92% to hit)
The blast of sand hits the mummy.
The mummy is heavily damaged.
The mummy barely misses you. x2; The mummy closely misses you.
Aiming: Sandblast (safe; 3% risk of failure)
Press: ? - help, Q - select action, (/) - cycle Shift-Dir - straight line, f/p - mummy
Aim: a mummy (heavily damaged, 92% to hit)
The blast of sand hits the mummy!
You destroy the mummy!
Vehumet accepts your kill. The mummy hits you but does no damage.
The mummy hits you!
You die...

....##....##..
.............
............
...........
........#
.ZZ...# #ZM..#
#@M..# #....#
#....# #....#
#....# #....#
#....# #.∩∩.#
######


You could see 2 mummies, a hobgoblin zombie and 2 orc zombies.

Vanquished Creatures
  An iguana (D:3)
  2 orc wizards (D:4)
  3 mummies
  4 adders
  6 orcs
  4 giant cockroaches
  4 goblins
  5 hobgoblins
  2 jackals (D:1)
  4 quokkas
  3 ball pythons
  4 frilled lizards
  A gnoll zombie (Ossuary)
  A hobgoblin zombie (Ossuary)
  3 kobolds
  2 kobold zombies (Ossuary)
  An orc zombie (Ossuary)
  6 rats
56 creatures vanquished.

Notes
Turn   | Place    | Note
-------+----------+-------------------------------------------
     0 | D:1      | 123456 the Gargoyle Earth Elementalist began the quest for
                  | the Orb.
     0 | D:1      | Reached XP level 1. HP: 10/10 MP: 3/3
   234 | D:1      | Reached XP level 2. HP: 15/15 MP: 0/5
   377 | D:1      | Reached skill level 4 in Earth Magic
   796 | D:2      | Identified the +1 ring mail of Happiness {rF- Str+2 Int+3}
   928 | D:2      | Reached XP level 3. HP: 16/19 MP: 3/6
   994 | D:2      | Learned a level 3 spell: Stone Arrow
  1644 | D:3      | Reached XP level 4. HP: 24/24 MP: 3/8
  1807 | D:3      | Found a burning altar of Makhleb.
  2037 | D:3      | Found a faded altar of an unknown god.
  2046 | D:3      | Reached skill level 1 in Conjurations
  2217 | D:4      | Reached XP level 5. HP: 28/28 MP: 9/9
  2265 | D:4      | Found a staircase to the Ecumenical Temple.
  2282 | Temple   | Entered the Ecumenical Temple
  2337 | Temple   | Became a worshipper of Vehumet
  2369 | D:4      | Found a sand-covered staircase.
  2376 | D:4      | Reached skill level 5 in Earth Magic
  2407 | Ossuary  | Entered an ossuary
  2441 | Ossuary  | Slain by a mummy

Illustrated notes

Levels and vault maps discovered:
D:1:      dpeg_arrival_rhombi, layout_basic
D:2:      layout_basic, minmay_misc_feat_hallway
D:3:      layout_rooms, lemuel_round_altar, chequers_ecumenical_altar_twisty
D:4:      layout_basic, mainiacjoe_overflow_cross_hatched,
          minmay_temple_entry_glass, gup_ossuary_entry_pyramid,
          minmay_misc_feat_ornament, kennysheep_another_room, minmay_ruptured,
          uniq_grinder, uniq_ijyb
Temple:   mainiacjoe_temple_bowtie_tessellation
Ossuary:  ossuary_tomb_3

Skill      XL: |  1  2  3  4  5 |
---------------+----------------+-----
Earth Magic    | 4 5 |  5.0
Dodging        | 2 |  2.2
Conjurations   | 1 |  1.4
Spellcasting   | 3 |  3.3
Stealth        | 3 |  3.1
Transmutations | |  0.7

Action                   |  1- 3 |  4- 6 || total
-------------------------+-------+-------++-------
Melee: Short sword       |    18 |       ||    18
       Mace              |     1 |     1 ||     2
 Cast: Sandblast         |    45 |    48 ||    93
       Stone Arrow       |       |     1 ||     1
  Use: Scroll            |       |     4 ||     4
       Potion            |       |     1 ||     1
Armor: Robe              |    11 |       ||    11
       Ring mail         |     5 |    35 ||    40
Dodge: Dodged            |    46 |    44 ||    90

Table legend: (Time is in decaauts)
 A = Elapsed time spent in this place.
 B = Non-inter-level travel time spent in this place.
 C = Inter-level travel time spent in this place.
 D = Time resting spent in this place.
 E = Time spent auto-exploring this place.
 F = Levels seen in this place.
 G = Mean time per level.
                   A        B        C        D        E       F      G
               +--------+--------+--------+--------+--------+-----+--------+
         Total |   2533 |   2411 |    122 |     66 |   1866 |   6 |  422.2 |
       Dungeon |   2417 |   2295 |    122 |     66 |   1813 |   4 |  604.2 |
        Temple |     66 |     66 |      0 |      0 |     44 |   1 |   66.0 |
       Ossuary |     49 |     49 |      0 |      0 |      9 |   1 |   49.0 |
               +--------+--------+--------+--------+--------+-----+--------+

Top non-repeatable levels by time:
     D:2: 911 daAuts
     D:1: 771 daAuts
     D:3: 581 daAuts
     D:4: 152 daAuts
  Temple: 66 daAuts
 Ossuary: 49 daAuts
